 Dungeon Crawl Stone Soup version 0.31.0-12-g77e489cdc1 (webtiles) character file.

Game seed: 3586402956633951460

1322 spaghetti the Fighter (level 8, -2/81 HPs)
             Began as a Naga Chaos Knight on Mar 7, 2024.
             Was a Plaything of Xom.
             Slain by a warg (15 damage)
             ... on level 6 of the Dungeon.
             The game lasted 00:05:21 (3912 turns).

spaghetti the Fighter (Naga Chaos Knight)           Turns: 3912, Time: 00:05:22

Health: -2/81      AC:  6    Str: 14    XL:     8   Next: 59%
Magic:  8/8        EV:  9    Int: 14    God:    Xom [..*...]
Gold:   246        SH:  0    Dex: 14    Spells: 0/7 levels left

rFire   . . .        a - +0 short sword (chaos)
rCold   . . .        (no shield)
rNeg    . . .        b - +2 leather armour
rPois   +            (helmet restricted)
rElec   .            (no cloak)
rCorr   .            (no gloves)
SInv    +            (no barding)
Will    +....        (no amulet)
Stlth   ++           n - +4 ring of slaying
HPRegen 0.33/turn    (no ring)
MPRegen 0.11/turn

%: no passive effects
@: very slow
A: AC +2, large, see invisible, deformed body, poison resistance, slowness 2,
spit poison 1, naga tail 1, beak, thin skeletal structure 1
a: Spit Poison, Renounce Religion


You were on level 6 of the Dungeon.
You worshipped Xom.
You were a toy of Xom.
You visited 1 branch of the dungeon, and saw 6 of its levels.

You collected 246 gold pieces.

Inventory:

Hand Weapons
 a - a +0 short sword of chaos (weapon)
Armour
 b - a +2 leather armour (worn)
 d - a +0 helmet
Jewellery
 n - a +4 ring of slaying (left hand)
Wands
 g - a wand of digging (7)
 j - a wand of iceblast (20)
 q - a wand of flame (11)
Scrolls
 c - 6 scrolls of butterflies
 f - 2 scrolls of silence
 k - a scroll of teleportation
 l - a scroll of immolation
 m - a scroll of enchant weapon
 r - a scroll of fear
 s - a scroll of blinking
 t - a scroll of vulnerability {unknown}
 u - 2 scrolls of poison
Potions
 e - 3 potions of berserk rage
 h - 2 potions of degeneration
 i - a potion of ambrosia
 o - 4 potions of heal wounds
 p - 3 potions of curing
 v - 2 potions of attraction


   Skills:
 + Level 8.0 Fighting
 - Level 3.0 Short Blades
 - Level 1.5 Armour
 - Level 0.7 Dodging
 * Level 6.6 Summonings
 * Level 1.7 Necromancy


You couldn't memorise any spells.
You knew the following spells:

 Your Spells              Type           Power      Damage    Failure   Level
a - Call Canine Familiar  Summ           18%        N/A       7%          3
b - Animate Dead          Necr           4%         N/A       87%         4

Your spell library contained the following spells:

 Spells                   Type           Power      Damage    Failure   Level
 Summon Small Mammal      Summ           72%        N/A       2%          1
 Magic Dart               Conj           0%         1d3       34%         1
 Searing Ray              Conj           0%         2d4       47%         2
 Summon Blazeheart Golem  Fire/Summ      9%         N/A       67%         4
 Fulminant Prism          Conj/Alch      0%         3d5       98%         4
 Haunt                    Necr/Summ      5%         N/A       100%        7
 Infestation              Necr           2%         N/A       100%        8


Dungeon Overview and Level Annotations

Branches:
Dungeon (6/15)             Temple (0/1) D:4

Altars:
Gozag
Qazlal
Wu Jian
Xom
Yredelemnul
The Shining One

Shops:
D:5 *

Annotations:
D:6 2 runed translucent doors


Innate Abilities, Weirdness & Mutations

Your serpentine skin is tough. (AC +2)
You have supernaturally acute eyesight. (SInv)
Armour fits poorly on your strangely shaped body.
Your system is resistant to poisons. (rPois)
You cover ground very slowly.
You can spit poison.
You have a snake-like lower body.
You have a beak for a mouth.
You have a somewhat thin skeletal structure. (Dex +2, Stealth+)


Message History

The warg is severely wounded.
The warg barely misses you.
You barely miss the warg. You peck the warg, but do no damage.
The warg is severely wounded.
The warg bites you but does no damage.
You hit the warg. You freeze the warg. Your peck misses the warg.
You punch the warg, but do no damage.
The warg is almost dead.
The warg bites you! The warg bites you!!
You are too injured to fight recklessly!
You are too injured to fight recklessly!
You are too injured to fight recklessly!
You are too injured to fight recklessly!
You are too injured to fight recklessly!
You hit the warg but do no damage. Your peck misses the warg.
The warg is almost dead.
Xom's attention almost turns to you for a moment.
Your eyebrows wriggle.
The warg barely misses you.
You barely miss the warg.
The warg is almost dead.
The warg misses you.
You hit the warg but do no damage.
The warg is almost dead.
The warg bites you!
You barely miss the warg. Your peck misses the warg.
The warg is almost dead.
The warg bites you but does no damage. The warg bites you.
You hit the warg. You freeze the warg.
The warg is almost dead.
The warg completely misses you.
You closely miss the warg.
The warg is almost dead.
The warg bites you!
You hit the warg but do no damage.
The warg is almost dead.
The warg bites you!
* * * LOW HITPOINT WARNING * * *
The warg bites you!
You die...
Xom yawns loudly!

#..#.# ##.######
...#.# #...# ##.#.#
#...# .....#
#.)(####### ##.###
####.........#
.#.#####.....(.....#.#
..........)..........#
.#.#.###........!..#.#
...#.# ###.#....@....#
...#.# #.#...#h##>..#
.###.# #.#...#.# .....
.....# #...#.# ..##
.##### ##.##.. ## .#
.. ... ## ## #.? ##.#


You could see a warg.

Vanquished Creatures
  Sigmund (D:2)
  2 water moccasins (D:5)
  A sky beast (D:6)
  An ice beast (D:4)
  2 black bears
  An ogre (D:4)
  A centaur (D:6)
  Blork the orc (D:5)
  A howler monkey (D:4)
  2 jellies (D:4)
  A hound (D:4)
  A bombardier beetle (D:5)
  Jessica (D:3)
  An iguana (D:5)
  Ijyb (D:3)
  6 adders
  2 white imps (D:6)
  A dart slug (D:3)
  5 orcs
  3 bats
  3 endoplasms
  5 giant cockroaches
  7 goblins
  8 hobgoblins
  4 jackals (D:1)
  2 quokkas (D:2)
  5 ball pythons
  3 frilled lizards
  2 kobolds
  4 rats
78 creatures vanquished.

Notes
Turn   | Place    | Note
-------+----------+-------------------------------------------
     0 | D:1      | spaghetti the Naga Chaos Knight began the quest for the
                  | Orb.
     0 | D:1      | Reached XP level 1. HP: 21/21 MP: 1/1
     4 | D:1      | Noticed a death yak
    91 | D:1      | XOM: divination: detect creatures
   106 | D:1      | Reached XP level 2. HP: 25/28 MP: 2/2
   366 | D:1      | Reached skill level 4 in Fighting
   577 | D:1      | Noticed a death yak
   757 | D:2      | Reached XP level 3. HP: 36/36 MP: 3/3
   894 | D:2      | XOM: enchant monster (bad)
  1048 | D:2      | Noticed Sigmund
  1060 | D:2      | Killed Sigmund
  1061 | D:2      | Reached skill level 6 in Fighting
  1061 | D:2      | Reached XP level 4. HP: 48/48 MP: 4/4
  1061 | D:2      | Reached XP level 5. HP: 55/55 MP: 5/5
  1180 | D:2      | Learned a level 3 spell: Call Canine Familiar
  1334 | D:3      | XOM: silly message
  1359 | D:3      | Reached XP level 6. HP: 54/63 MP: 6/6
  1405 | D:3      | Reached skill level 1 in Summonings
  1417 | D:3      | XOM: 3-stop teleportation journey
  1439 | D:3      | Noticed Ijyb
  1457 | D:3      | Killed Ijyb
  1503 | D:3      | Noticed Jessica
  1515 | D:3      | Killed Jessica
  1762 | D:3      | XOM: noise
  1856 | D:3      | XOM: noise
  2204 | D:4      | Found a staircase to the Ecumenical Temple.
  2211 | D:4      | XOM: 1-stop teleportation journey
  2384 | D:4      | Found an opulent altar of Gozag.
  2409 | D:4      | Noticed a black bear
  2409 | D:4      | XOM: enchant monster (good)
  2417 | D:4      | Killed a black bear
  2418 | D:4      | Reached XP level 7. HP: 70/70 MP: 7/7
  2494 | D:4      | XOM: give mutations
  2494 | D:4      | Gained mutation: You have a beak for a mouth. [Xom's
                  | mischief]
  2494 | D:4      | Gained mutation: You have a somewhat thin skeletal
                  | structure. (Dex +2, Stealth+) [Xom's mischief]
  2499 | D:4      | XOM: potion effect (brilliance)
  2502 | D:4      | Reached skill level 7 in Fighting
  2602 | D:4      | XOM: cast spell 'Leda's Liquefaction'
  2604 | D:4      | XOM: cast spell 'Monstrous Menagerie'
  2787 | D:5      | Entered Level 5 of the Dungeon
  2787 | D:5      | Found Ojizoih's Assorted Antiques.
  2793 | D:5      | Reached skill level 5 in Summonings
  2812 | D:5      | Found a stormy altar of Qazlal.
  2812 | D:5      | Found a basalt altar of Yredelemnul.
  2865 | D:5      | Noticed Blork the orc
  2879 | D:5      | Killed Blork the orc
  2880 | D:5      | Reached XP level 8. HP: 30/80 MP: 8/8
  3190 | D:5      | XOM: cloud trail
  3215 | D:5      | Found a glowing golden altar of the Shining One.
  3357 | D:5      | Found an ornate altar of the Wu Jian Council.
  3483 | D:5      | Learned a level 4 spell: Animate Dead
  3494 | D:6      | Found a large runed translucent door.
  3494 | D:6      | Found a large runed translucent door.
  3498 | D:6      | Found a shimmering altar of Xom.
  3608 | D:6      | XOM: enchant monster (bad)
  3615 | D:6      | Reached skill level 1 in Necromancy
  3720 | D:6      | XOM: silly message
  3839 | D:6      | Reached skill level 8 in Fighting
  3906 | D:6      | XOM: silly message
  3912 | D:6      | Slain by a warg

Illustrated notes

Levels and vault maps discovered:
D:1:      sevenhm_arrival_forest_fort_small_2, layout_loops_ring,
          corexii_item_surrounded_by_moat
D:2:      layout_rooms, uniq_sigmund
D:3:      mumra_celtic_spiral_tile, layout_rooms, uniq_jessica, uniq_ijyb
D:4:      layout_basic, grunt_gozag_statues, minmay_temple_entry_gardened_gates
D:5:      layout_rooms, tso_metal_star, nicolae_wu_jian_immortal_techniques,
          mainiacjoe_overflow_large_starburst, serial_shops, shop,
          uniq_blork_the_orc
D:6:      due_chaos_kobolds, layout_loops_cross,
          chequers_temple_overflow_minitemple

Skill      XL: |  1  2  3  4  5  6  7  8 |
---------------+-------------------------+-----
Fighting       | 4 6 7 8 |  8.0
Summonings     | 3 5 6 |  6.6
Necromancy     | 1 |  1.7
Short Blades   | |  3.0
Armour         | |  1.5
Dodging        | |  0.7

Action                     |  1- 3 |  4- 6 |  7- 9 || total
---------------------------+-------+-------+-------++-------
  Melee: Short sword       |    78 |   109 |    94 ||   281
         Punch             |       |     1 |     1 ||     2
         Peck              |       |       |    23 ||    23
Ability: Spit Poison       |    22 |    17 |    19 ||    58
  Evoke: Wand              |       |       |     3 ||     3
    Use: Scroll            |     4 |     5 |     3 ||    12
         Potion            |     1 |     2 |       ||     3
   Stab: Paralysed         |       |     1 |       ||     1
         Confused          |       |       |     1 ||     1
 Armour: Leather armour    |    39 |    78 |    72 ||   189
  Dodge: Dodged            |    28 |    64 |    46 ||   138
